 Dungeon Crawl Stone Soup version 0.30-a0-639-g3916f1956a (webtiles) character file.

Game seed: 5561093231512042463

189 NinjaNoafa the Conjurer (level 5, 0/38 HPs)
             Began as a Gnoll Conjurer on Jan 15, 2023.
             Slain by a gnoll bouda
             ... wielding a +0 club
              (2 damage)
             ... on level 3 of the Dungeon.
             The game lasted 00:06:49 (2944 turns).

NinjaNoafa the Conjurer (Gnoll Conjurer)            Turns: 2944, Time: 00:06:49

Health: 0/38       AC:  4    Str:  6    XL:     5   Next: 68%
Magic:  0/12       EV: 13    Int: 19    God:
Gold:   115        SH:  0    Dex: 11    Spells: 5/14 levels left

rFire   . . .      SeeInvis .    j - +1 short sword (vamp)
rCold   . . .      Faith    .    (no shield)
rNeg    . . .      Spirit   .    a - +0 robe
rPois   .          Reflect  .    p - +0 helmet
rElec   .          Harm     .    (no cloak)
rCorr   .          Rampage  .    (no gloves)
Will    .....                    l - +0 pair of boots
Stlth   ++                       (no amulet)
HPRegen 0.26/turn                (no ring)
MPRegen 0.13/turn                (no ring)

@: weakened
A: fangs 1, strong nose, distributed training
a: no special abilities


You were on level 3 of the Dungeon.
You visited 1 branch of the dungeon, and saw 3 of its levels.

You collected 115 gold pieces.

Inventory:

Hand Weapons
 j - a +1 vampiric short sword (weapon)
Armour
 a - a +0 robe (worn)
 d - an orb of mayhem
 l - a +0 pair of boots (worn)
 p - a +0 helmet (worn)
Scrolls
 c - a scroll of fear
 f - 2 scrolls of identify {unknown}
 h - a scroll of immolation {unknown}
 i - a scroll of enchant armour {unknown}
 m - a scroll of magic mapping {unknown}
 n - a scroll of teleportation {unknown}
Potions
 b - 3 potions of magic
 e - a potion of heal wounds {unknown}
 g - a potion of degeneration {unknown}
 k - a potion of cancellation {unknown}
 o - a potion of resistance {unknown}
 q - a potion of might {unknown}


   Skills:
 + Level 1.6 Fighting
 + Level 1.6 Short Blades
 + Level 1.6 Long Blades
 + Level 1.6 Axes
 + Level 1.6 Maces & Flails
 + Level 1.6 Polearms
 + Level 1.6 Staves
 + Level 1.6 Ranged Weapons
 + Level 1.6 Throwing
 + Level 1.6 Armour
 + Level 4.8 Dodging
 + Level 4.5 Stealth
 + Level 1.6 Shields
 + Level 1.6 Unarmed Combat
 + Level 5.2 Spellcasting
 + Level 7.2 Conjurations
 + Level 1.3 Hexes
 + Level 1.3 Summonings
 + Level 1.3 Necromancy
 + Level 1.3 Translocations
 + Level 1.3 Transmutations
 + Level 1.3 Fire Magic
 + Level 1.3 Ice Magic
 + Level 1.3 Air Magic
 + Level 1.3 Earth Magic
 + Level 1.3 Poison Magic
 + Level 1.9 Invocations
 + Level 1.6 Evocations


You had 5 spell levels left.
You knew the following spells:

 Your Spells              Type           Power      Damage    Failure   Level
a - Magic Dart            Conj           100%       1d8       1%          1
b - Searing Ray           Conj           64%        2d6       1%          2
c - Static Discharge      Conj/Air       42%        2-4/arc   3%          2
d - Foxfire               Conj/Fire      84%        2x1d8     1%          1
e - Dazzling Flash        Conj/Hex       42%        N/A       6%          3

Your spell library contained the following spells:

 Spells                   Type           Power      Damage    Failure   Level
 Fulminant Prism          Conj/Hex       10%        3d9       21%         4
 Iskenderun's Mystic Bla  Conj/Tloc      21%        2d6       21%         4
 Call Canine Familiar     Summ           10%        N/A       22%         3
 Portal Projectile        Hex/Tloc       20%        N/A       22%         3
 Vhi's Electric Charge    Tloc/Air       20%        N/A       22%         3
 Arcjolt                  Conj/Air       10%        1d20      50%         5
 Fireball                 Conj/Fire      10%        3d6       50%         5
 Lightning Bolt           Conj/Air       10%        1d23      50%         5
 Leda's Liquefaction      Hex/Erth       5%         N/A       56%         4
 Starburst                Conj/Fire      10%        6d5       97%         6


Dungeon Overview and Level Annotations

Branches:
Dungeon (3/15)

Altars:
Dithmenos

Shops:
D:2 :


Innate Abilities, Weirdness & Mutations

You have very sharp teeth.
Your uncanny sense of smell can sniff out nearby items.
Your experience applies equally to all skills.


Message History

You conjure some foxfire!
The gnoll misses you.
The gnoll bouda barks out a call to the hunt!
The gnolls pick up the pace!
The foxfire hits the gnoll.
The gnoll is moderately wounded.
The foxfire hits the gnoll bouda.
The gnoll bouda is moderately wounded.
The gnoll hits you from afar with a +0 spear.
The gnoll bouda calls upon its god to heal the gnoll.
The gnoll's wounds heal themselves!
Casting: Foxfire (safe; 1% risk of failure)
Confirm with . or Enter, or press ? or * to list all spells.
You conjure some foxfire!
Your attacks no longer feel as feeble.
The foxfire hits the gnoll.
The gnoll is moderately wounded.
The foxfire hits the gnoll bouda but does no damage.
The gnoll bouda is moderately wounded.
Casting: Foxfire (safe; 1% risk of failure)
Confirm with . or Enter, or press ? or * to list all spells.
You conjure some foxfire!
The gnoll bouda hits you with a +0 club!
The gnoll hits you from afar with a +0 spear.
* * * LOW HITPOINT WARNING * * *
The foxfire hits the gnoll bouda.
The gnoll bouda is moderately wounded.
The foxfire hits the gnoll bouda but does no damage.
The gnoll bouda is moderately wounded.
The gnoll bouda gazes fiercely through you!
You feel your attacks grow feeble.
Casting: Foxfire (safe; 1% risk of failure)
Confirm with . or Enter, or press ? or * to list all spells.
Casting: Dazzling Flash (dangerous; 6% risk of failure)
Press: ? - help, Dir - look around, f - activate The gnoll bouda is dazzled.
The gnoll is dazzled. x2
The gnoll hits you from afar with a +0 spear!
* * * LOW HITPOINT WARNING * * *
The gnoll misses you.
The gnoll bouda hits you with a +0 club.
You die...

...........# ......
....#†# #.#....
#.#.#.#### #........# ∆
#...#.##.#
#...#.##.####...
#ggg..##..†.....
...####.g####.#######
#.....@§####.#.######
######..........).).###
#####.#.#.####÷)))
#§#.##########
#.......#####
#...........#
#....##.###.#
##.#.##.###.##
#.#.##.#.....


You could see a gnoll bouda (blind) and 3 gnolls.

Vanquished Creatures
  Natasha (twice) (D:3)
  Robin (D:3)
  2 gnolls (D:3)
  4 adders
  A worm (D:2)
  A dart slug (D:2)
  3 orcs (D:3)
  5 endoplasms
  2 giant cockroaches (D:1)
  9 goblins
  7 hobgoblins
  A quokka (D:1)
  11 ball pythons
  3 bats
  2 frilled lizards
  5 kobolds
  8 rats
67 creatures vanquished.

Vanquished Creatures (others)
  22 foxfires (D:3)
  14 plants (D:3)
36 creatures vanquished.

Grand Total: 103 creatures vanquished

Notes
Turn   | Place    | Note
-------+----------+-------------------------------------------
     0 | D:1      | NinjaNoafa the Gnoll Conjurer began the quest for the Orb.
     0 | D:1      | Reached XP level 1. HP: 13/13 MP: 6/6
   107 | D:1      | Reached XP level 2. HP: 19/19 MP: 2/7
   199 | D:1      | Learned a level 2 spell: Searing Ray
   831 | D:2      | Reached skill level 5 in Spellcasting
   831 | D:2      | Reached XP level 3. HP: 25/25 MP: 1/9
   946 | D:2      | Reached skill level 1 in Invocations
  1160 | D:2      | Reached skill level 1 in Fighting
  1160 | D:2      | Reached skill level 1 in Short Blades
  1160 | D:2      | Reached skill level 1 in Long Blades
  1160 | D:2      | Reached skill level 1 in Axes
  1160 | D:2      | Reached skill level 1 in Maces & Flails
  1160 | D:2      | Reached skill level 1 in Polearms
  1160 | D:2      | Reached skill level 1 in Staves
  1160 | D:2      | Reached skill level 1 in Ranged Weapons
  1160 | D:2      | Reached skill level 1 in Throwing
  1160 | D:2      | Reached skill level 1 in Armour
  1160 | D:2      | Reached skill level 1 in Shields
  1160 | D:2      | Reached skill level 1 in Unarmed Combat
  1160 | D:2      | Reached skill level 1 in Evocations
  1272 | D:2      | Found a faded altar of an unknown god.
  1276 | D:2      | Reached XP level 4. HP: 32/32 MP: 7/11
  1287 | D:2      | Learned a level 2 spell: Static Discharge
  1674 | D:2      | Found Huud's Vocational Training.
  2128 | D:3      | Reached skill level 1 in Hexes
  2128 | D:3      | Reached skill level 1 in Summonings
  2128 | D:3      | Reached skill level 1 in Necromancy
  2128 | D:3      | Reached skill level 1 in Translocations
  2128 | D:3      | Reached skill level 1 in Transmutations
  2128 | D:3      | Reached skill level 1 in Fire Magic
  2128 | D:3      | Reached skill level 1 in Ice Magic
  2128 | D:3      | Reached skill level 1 in Air Magic
  2128 | D:3      | Reached skill level 1 in Earth Magic
  2128 | D:3      | Reached skill level 1 in Poison Magic
  2344 | D:3      | Learned a level 3 spell: Dazzling Flash
  2502 | D:3      | Found a shadowy altar of Dithmenos.
  2533 | D:3      | Noticed Robin
  2538 | D:3      | Killed Robin
  2539 | D:3      | Reached XP level 5. HP: 31/37 MP: 6/12
  2692 | D:3      | Learned a level 1 spell: Foxfire
  2715 | D:3      | Noticed Natasha
  2722 | D:3      | Killed Natasha
  2833 | D:3      | Noticed Natasha
  2841 | D:3      | Killed Natasha
  2944 | D:3      | Slain by a gnoll bouda

Illustrated notes

Levels and vault maps discovered:
D:1:      ncdulo_watergridlock, layout_rooms, nrook_campfire
D:2:      layout_loops_corners, nicolae_ecumenical_snake_handling,
          nicolae_shop_vocational
D:3:      layout_loops_cross, old_standard_altar,
          mainiacjoe_overflow_six_doors_small, nicolae_grassy_gnolls,
          uniq_natasha, uniq_robin

Skill      XL: |  1  2  3  4 |
---------------+-------------+-----
Spellcasting   | 5 |  5.2
Invocations    | 1 |  1.9
Fighting       | 1 |  1.6
Short Blades   | 1 |  1.6
Long Blades    | 1 |  1.6
Axes           | 1 |  1.6
Maces & Flails | 1 |  1.6
Polearms       | 1 |  1.6
Staves         | 1 |  1.6
Ranged Weapons | 1 |  1.6
Throwing       | 1 |  1.6
Armour         | 1 |  1.6
Shields        | 1 |  1.6
Unarmed Combat | 1 |  1.6
Evocations     | 1 |  1.6
Hexes          | 1 |  1.3
Summonings     | 1 |  1.3
Necromancy     | 1 |  1.3
Translocations | 1 |  1.3
Transmutations | 1 |  1.3
Fire Magic     | 1 |  1.3
Ice Magic      | 1 |  1.3
Air Magic      | 1 |  1.3
Earth Magic    | 1 |  1.3
Poison Magic   | 1 |  1.3
Dodging        | |  4.8
Stealth        | |  4.5
Conjurations   | |  7.2

Action                   |  1- 3 |  4- 6 || total
-------------------------+-------+-------++-------
Melee: Short sword       |       |     9 ||     9
       Bite              |       |     1 ||     1
 Cast: Magic Dart        |    51 |    29 ||    80
       Searing Ray       |     1 |     7 ||     8
       Dazzling Flash    |       |     6 ||     6
       Static Discharge  |       |     2 ||     2
       Foxfire           |       |    18 ||    18
  Use: Scroll            |       |     1 ||     1
Armor: Robe              |       |     3 ||     3
Dodge: Dodged            |     1 |    18 ||    19

Table legend: (Time is in decaauts)
 A = Elapsed time spent in this place.
 B = Non-inter-level travel time spent in this place.
 C = Inter-level travel time spent in this place.
 D = Time resting spent in this place.
 E = Time spent auto-exploring this place.
 F = Levels seen in this place.
 G = Mean time per level.
                   A        B        C        D        E       F      G
               +--------+--------+--------+--------+--------+-----+--------+
         Total |   2945 |   2646 |    299 |      0 |   2267 |   3 |  981.7 |
       Dungeon |   2945 |   2646 |    299 |      0 |   2267 |   3 |  981.7 |
               +--------+--------+--------+--------+--------+-----+--------+

Top non-repeatable levels by time:
     D:2: 1435 daAuts
     D:1: 780 daAuts
     D:3: 729 daAuts
